 Dungeon Crawl Stone Soup version 0.20.1-1-g8b1a95d (console) character file.

54 bli the Slasher (level 3, 0/28 HPs)
             Began as a Draconian Wanderer on July 29, 2017.
             Slain by Terence
             ... wielding a +0 hand axe
              (1 damage)
             ... on level 2 of the Dungeon.
             The game lasted 00:09:03 (1612 turns).

bli the Slasher (Draconian Wanderer)                Turns: 1612, Time: 00:09:04

Health: 0/28       AC:  6    Str: 17    XL:     3   Next: 66%
Magic:  0/6        EV: 12    Int: 15    God:
Gold:   97         SH:  0    Dex: 10    Spells: 5/6 levels left

rFire    . . .     SeeInvis .   j - +0 dagger
rCold    . . .     Gourm    .   (no shield)
rNeg     . . .     Faith    .   (armour unavailable)
rPois    .         Spirit   .   (helmet restricted)
rElec    .         Reflect  .   (no cloak)
rCorr    .         Harm     .   (no gloves)
MR       .....                  o - +0 pair of boots
Stlth    ++........             (no amulet)
Regen    0.1/turn               e - +5 ring of intelligence
MPRegen  0.1/turn               (no ring)

@: no status effects
A: unfitting armour, cold-blooded, AC +5
a: no special abilities


You were on level 2 of the Dungeon.
You were not hungry.

You visited 1 branch of the dungeon, and saw 2 of its levels.

You collected 97 gold pieces.

Inventory:

Hand Weapons
 j - a +0 dagger (weapon)
 l - a cursed -1 short sword
 m - a +0 short sword
Missiles
 d - 70 stones (quivered)
Armour
 o - a +0 pair of boots (worn)
Jewellery
 e - a +5 ring of intelligence (left hand)
Scrolls
 k - 2 scrolls of identify {unknown}
Potions
 c - a potion of lignification
 h - a potion of curing {unknown}
 i - 2 potions of brilliance {unknown}
 n - a potion of heal wounds {unknown}
Books
 a - a book of Air

   Spells                             Type                      Level
   a - Shock                          Conjuration/Air              1
   b - Swiftness                      Charms/Air                   2
   c - Static Discharge               Conjuration/Air              3
   d - Airstrike                      Air                          4
   e - Lightning Bolt                 Conjuration/Air              5
 b - the Compendium of Arcane Weapons

   Spells                             Type                      Level
   a - Flame Tongue                   Conjuration/Fire             1
   b - Dazzling Spray                 Conjuration/Hexes            3
Comestibles
 f - a bread ration
 g - 2 meat rations


   Skills:
 * Level 1.3 Fighting
 + Level 0.4(1.9) Short Blades
   Level 3.0 Long Blades
 + Level 1.5 Dodging
 + Level 1.5 Stealth
 + Level 2.2 Spellcasting
 + Level 0.8 Conjurations
 + Level 1.2 Air Magic
   Level 1.0 Poison Magic
   Level 1.0 Evocations


You had 5 spell levels left.
You knew the following spells:

 Your Spells              Type           Power        Failure   Level  Hunger
a - Shock                 Conj/Air       #...         14%         1    #......


Dungeon Overview and Level Annotations

Branches:
Dungeon (2/15)

Altars:

Annotations:
D:2 Terence


Innate Abilities, Weirdness & Mutations

Your plain brown scales are hard. (AC +5)
You cannot fit into any form of body armour.
You are cold-blooded and may be slowed by cold attacks.


Message History

You closely miss Terence.
Terence is almost dead.
Terence hits you but does no damage.
You closely miss Terence.
Your tail-slap misses Terence.
Terence is almost dead.
Terence hits you but does no damage.
You hit Terence but do no damage.
Your tail-slap misses Terence.
Terence is almost dead.
Terence shouts, "ATTACK!!!"
Terence hits you with a hand axe.
* * * LOW HITPOINT WARNING * * *
Casting: Shock
Confirm with . or Enter, or press ? or * to list all spells.
Aiming: Shock
Press: ? - help, Shift-Dir - straight line, f/p - Terence
Aim: Terence, wielding a hand axe and wearing a runed ring mail (almost dead)
The zap hits Terence.
Terence is almost dead.
Terence hits you with a hand axe.
You die...

### ###
##.#############.#
#................#
##.#############.#
#.# ### #.# #.#
#.# #.#########
#.#
#.######.........#
#.#
#.@.......######.#
#.#
#@#####...........
#.# #.#
#.>.....##'# #.#
#.# #...........
#.# #.#
#......#.... #.#
#.# #......#....
#.# #.#
#.#'####.... #.#
#.#####.#.# #....
#.# #....##.#.#
#.... #.#
####.#.)#.# #....
#.#########.#.##.#
#....
#...........#.##.#
#....


You could see Terence.

Vanquished Creatures
  An adder (D:2)
  4 dart slugs
  A leopard gecko (D:2)
  6 bats
  3 giant cockroaches
  5 goblins
  2 hobgoblins (D:1)
  2 quokkas (D:2)
  5 frilled lizards
  5 kobolds
  5 rats
39 creatures vanquished.

Notes
Turn   | Place    | Note
-------+----------+-------------------------------------------
     0 | D:1      | bli the Draconian Wanderer began the quest for the Orb.
     0 | D:1      | bli set off with: a book of Air, the Compendium of Arcane Weapons, a potion of lignification, a +0 club, a bread ration
     0 | D:1      | Reached XP level 1. HP: 16/16 MP: 2/2
     0 | D:1      | Identified the Compendium of Arcane Weapons
     2 | D:1      | Learned a level 1 spell: Shock
   166 | D:1      | Reached XP level 2. HP: 21/23 MP: 0/4
   992 | D:2      | Reached XP level 3. HP: 28/28 MP: 0/5
  1433 | D:2      | Noticed Terence
  1611 | D:2      | HP: 1/28 [Terence/hand axe (2)]
  1612 | D:2      | Slain by Terence

Skill      XL: |  1  2  3 |
---------------+----------+-----
Spellcasting   | 2 |  2.2
Fighting       | |  1.3
Short Blades   | |  0.4
Long Blades    | |  3.0
Dodging        | |  1.5
Stealth        | |  1.5
Conjurations   | |  0.8
Air Magic      | |  1.2
Poison Magic   | |  1.0
Evocations     | |  1.0

Action                   || total
-------------------------++-------
Melee: Dagger            ||   122
       Tailslap          ||     5
 Cast: Shock             ||    76
  Eat: Chunk             ||     4
Armor: Skin              ||    27
Dodge: Dodged            ||    74
